 Dungeon Crawl Stone Soup version 0.31-a0-1612-g4aaf141004 (webtiles) character file.

Game seed: 409230910176795067

114 LeprechaunX the Changeling (level 4, -9/29 HPs)
             Began as an Octopode Shapeshifter on Jan 9, 2024.
             Mangled by Crazy Yiuf
             ... wielding a +3 quarterstaff of chaos
              (18 damage)
             ... on level 3 of the Dungeon.
             The game lasted 00:03:10 (2801 turns).

LeprechaunX the Changeling (Octopode Shapeshifter)  Turns: 2801, Time: 00:03:11

Health: -9/29      AC:  1    Str: 13    XL:     4   Next: 97%
Magic:  13/13      EV: 13    Int: 12    God:
Gold:   116        SH:  0    Dex: 13    Spells: 3/3 levels left

rFire   . .          .
                       - Unarmed
rCold   . . .        (no shield)
rNeg    . . .        (helmet currently unavailable)
rPois   .            (no amulet)
rElec   .            d - ring of see invisible
rCorr   .            e - ring of magical power
SInv    +            n - ring of willpower
Will    ++...        q - ring of willpower
Stlth   ++           (no ring)
HPRegen 0.24/turn    (no ring)
MPRegen 0.13/turn    (no ring)
                     (no ring)

%: no passive effects
@: beast-form
A: beast (slay +2), almost no armour, amphibious, 8 rings, camouflage 1,
gelatinous body 1, (nimble swimmer 1), tentacles
a: Begin Untransformation


You were on level 3 of the Dungeon.
You were a hulking beast.
You visited 1 branch of the dungeon, and saw 3 of its levels.

You collected 116 gold pieces.

Inventory:

Hand Weapons
 a - a +0 sling
Jewellery
 d - a ring of see invisible (left tentacle)
 e - a ring of magical power (right tentacle)
 n - a ring of willpower (on tentacle)
 q - a ring of willpower (on tentacle)
Talismans
 b - a beast talisman
 c - a flux talisman
Scrolls
 f - a scroll of enchant weapon {unknown}
 g - a scroll of amnesia {unknown}
 h - a scroll of vulnerability {unknown}
 i - a scroll of torment {unknown}
 j - a scroll of revelation {unknown}
 k - 2 scrolls of identify {unknown}
 l - 3 scrolls of blinking {unknown}
 m - 2 scrolls of enchant armour {unknown}
 p - a scroll of poison {unknown}
 v - a scroll of teleportation {unknown}
Potions
 o - 2 potions of lignification
 r - a potion of curing {unknown}
 s - 2 potions of attraction {unknown}
 t - 3 potions of mutation {unknown}
 u - 2 potions of resistance {unknown}
 w - a potion of berserk rage {unknown}


   Skills:
 + Level 2.3 Fighting
 - Level 2.0 Dodging
 + Level 3.7 Unarmed Combat
 * Level 4.2 Shapeshifting


You had 3 spell levels left.
You didn't know any spells.
Your spell library contained the following spells:

 Spells                   Type           Power      Damage    Failure   Level
 Kiss of Death            Conj/Necr      0%         2d5       32%         1
 Confusing Touch          Hex            0%         N/A       69%         3
 Dispel Undead            Necr           0%         3d6       97%         4


Dungeon Overview and Level Annotations

Branches:
Dungeon (3/15)

Altars:

Annotations:
D:3 Crazy Yiuf


Innate Abilities, Weirdness & Mutations

You are a hulking beast.
Your limbs bulge with bestial killing power. (Slay +2)
You cannot wear most types of armour.
You are amphibious.
You can wear up to eight rings at the same time.
Your skin changes colour to match your surroundings (Stealth+).
Your rubbery body absorbs attacks. (AC +1, EV +1)
((You are camouflaged when in or above water. (Stealth+)))
You have tentacles for arms and can constrict up to eight enemies at once.


Message History

You kill the rat!
No target in view!
No target in view!
Things that are here:
a +0 whip; a +0 ring mail
w - a fuming black potion
Things that are here:
a +0 whip; a +0 ring mail
There is an open door here.
You see here a +0 dagger.
There is a stone staircase leading up here.
Could not explore, unopened runed door.
Could not explore, unopened runed door.
Could not explore, unopened runed door.
No reachable target in view!
Press: ? - help, v - describe, . - travel, g - get item Item here: a smoking hammer.
The floor.
Unknown command.
You open the door.
a - a +0 sling (weapon)
Crazy Yiuf shouts!
You shoot a sling bullet.
The sling bullet hits Crazy Yiuf but does no damage.
You are now empty-tentacled.
Crazy Yiuf says, "Walk return to song disdain!"
Crazy Yiuf hits you with a +3 quarterstaff of chaos!
Ouch! That really hurt!
Crazy Yiuf burns you.
You tentacle-slap Crazy Yiuf. You grab Crazy Yiuf.
You squeeze Crazy Yiuf, but do no damage.
Crazy Yiuf is moderately wounded.
You constrict Crazy Yiuf. Crazy Yiuf barely misses you.
You tentacle-slap Crazy Yiuf.
You squeeze Crazy Yiuf, but do no damage.
Crazy Yiuf is heavily wounded.
You constrict Crazy Yiuf.
Crazy Yiuf hits you with a +3 quarterstaff of chaos!!
Ouch! That really hurt!
You die...

##### #..)# #...#
... #g# #### ##h#
######..#### #.##
#........... ##.#
#####....... #.##
#..##.## ##.##
#..##.## ########
#.PP## #..##.##
#......# #..P.#
#..##... #.##.###
#+..'# #..#####
#####.##.#####....#
#..# #


You could see Crazy Yiuf.

Vanquished Creatures
  2 adders (D:2)
  3 dart slugs
  5 ribbon worms
  8 orcs (D:3)
  6 bats
  4 endoplasms
  3 giant cockroaches
  2 hobgoblins
  9 jackals
  6 kobolds
  3 ball pythons
  7 frilled lizards
  5 goblins
  4 rats
67 creatures vanquished.

Notes
Turn   | Place    | Note
-------+----------+-------------------------------------------
     0 | D:1      | LeprechaunX the Octopode Shapeshifter began the quest for
                  | the Orb.
     0 | D:1      | Reached XP level 1. HP: 13/13 MP: 1/1
   208 | D:1      | Reached XP level 2. HP: 18/18 MP: 2/2
  1065 | D:2      | Reached XP level 3. HP: 10/23 MP: 3/3
  1588 | D:2      | Reached XP level 4. HP: 15/29 MP: 4/4
  1816 | D:3      | Found a runed translucent door.
  1817 | D:3      | Noticed Crazy Yiuf
  1996 | D:3      | Reached skill level 4 in Shapeshifting
  2801 | D:3      | Mangled by Crazy Yiuf

Illustrated notes

Levels and vault maps discovered:
D:1:      minmay_arrival_five_plusses, layout_basic, minmay_misc_feat_columns,
          st_stairs_1
D:2:      layout_basic
D:3:      kennysheep_six_static_rooms, layout_loops_ring, minmay_misc_feat_tiny,
          minmay_fractal_squares_5, uniq_crazy_yiuf_cottage

Skill      XL: |  1  2  3  4 |
---------------+-------------+-----
Fighting       | 2 |  2.3
Shapeshifting  | 4 |  4.2
Dodging        | |  2.0
Unarmed Combat | |  3.7

Action                     |  1- 3 |  4- 6 || total
---------------------------+-------+-------++-------
  Melee: Unarmed           |    69 |    73 ||   142
         Constrict         |    16 |    20 ||    36
         Tentacles         |     9 |    18 ||    27
         Punch             |     1 |     3 ||     4
   Fire: Sling             |       |     1 ||     1
   Stab: Sleeping          |    11 |     3 ||    14
 Armour: Skin              |    30 |    28 ||    58
  Dodge: Dodged            |    44 |    34 ||    78

Table legend: (Time is in decaauts)
 A = Elapsed time spent in this place.
 B = Non-inter-level travel time spent in this place.
 C = Inter-level travel time spent in this place.
 D = Time resting spent in this place.
 E = Time spent auto-exploring this place.
 F = Levels seen in this place.
 G = Mean time per level.
                   A        B        C        D        E       F      G
               +--------+--------+--------+--------+--------+-----+--------+
         Total |   2789 |   2670 |    119 |    106 |   2165 |   3 |  929.7 |
       Dungeon |   2789 |   2670 |    119 |    106 |   2165 |   3 |  929.7 |
               +--------+--------+--------+--------+--------+-----+--------+

Top non-repeatable levels by time:
     D:3: 1029 daAuts
     D:1: 979 daAuts
     D:2: 779 daAuts
